 Dungeon Crawl Stone Soup version 0.21.0-3-g78d12a8 (webtiles) character file.

203890 Trubado the Earth Mage (level 18, 0/116 HPs)
             Began as a Gargoyle Earth Elementalist on Jan 9, 2018.
             Was a High Priest of Ashenzari.
             Shot with an arrow by a deep elf archer (27 damage)
             ... on level 1 of the Elven Halls on Jan 14, 2018.
             The game lasted 07:19:33 (50062 turns).

Trubado the Earth Mage (GrEE)                      Turns: 50062, Time: 07:19:35

Health: 0/116      AC: 27    Str: 12    XL:     18   Next: 63%
Magic:  4/37       EV: 18    Int: 21    God:    Ashenzari [*****.]
Gold:   1391       SH:  0    Dex: 17    Spells: 2/47 levels left

rFire    . . .     SeeInvis +   a - +9 rapier of Royalism {pierce, +Blink rPois rN+ Dex+3} (curse)
rCold    . . .     Gourm    .   (no shield)
rNeg     + + .     Faith    .   V - +2 robe {Archmagi} (curse)
rPois    ∞         Spirit   .   G - +0 helmet "Ete Buuce" {+Inv Dex+3} (curse)
rElec    +         Reflect  .   H - +2 cloak (curse)
rCorr    .         Harm     .   h - +2 pair of gloves (curse)
MR       +....     Clarity  +   q - +2 pair of boots {Stlth+} (curse)
Stlth    ++++++....             M - amulet of magic regeneration
HPRegen  0.29/turn              z - ring of wizardry (curse)
MPRegen  0.50/turn              Q - ring of stealth (curse)

@: about to teleport, flying, studying Short Blades
A: big wings, negative energy resistance 1, electricity resistance, weak 1, wild
magic 1, unbreathing, petrification resistance, rot immunity, AC +13
}: 1/15 runes: serpentine
a: Stop Flying, Curse Item, Scrying, Transfer Knowledge, Renounce Religion,
Evoke Blink, Evoke Invisibility


You were on level 1 of the Elven Halls.
You worshipped Ashenzari.
Ashenzari was extremely pleased with you.
You were not hungry.

You visited 7 branches of the dungeon, and saw 31 of its levels.
You visited 1 bazaar.
You also visited: Sewer.

You collected 4598 gold pieces.
You spent 3207 gold pieces at shops.

Inventory:

Hand Weapons
 a - the cursed +9 rapier of Royalism (weapon) {pierce, +Blink rPois rN+ Dex+3}
   (You found it on level 3 of the Lair of Beasts)

   It inflicts extra damage upon your enemies.
   It affects your dexterity (+3).
   It protects you from poison.
   It protects you from negative energy.
   It lets you blink.
   It has a curse placed upon it.
 U - the cursed +0 rapier "Edept" {pain, Fragile rPois Dex+7}
   (You found it on level 11 of the Dungeon)

   In the hands of one skilled in necromantic magic, it inflicts extra damage on
   living creatures.
   It affects your dexterity (+7).
   It protects you from poison.
   It will be destroyed if unequipped.
   It has a curse placed upon it.
Missiles
 l - 240 stones (quivered)
Armour
 h - a cursed +2 pair of gloves (worn)
 q - a cursed +2 pair of boots of stealth (worn)
 G - the cursed +0 helmet "Ete Buuce" (worn) {+Inv Dex+3}
   (You bought it in a shop on level 2 of the Orcish Mines)

   It affects your dexterity (+3).
   It lets you turn invisible.
   It has a curse placed upon it.
 H - a cursed +2 cloak (worn)
 V - a cursed +2 robe of the Archmagi (worn)
Jewellery
 e - an uncursed ring of protection from magic
 z - a cursed ring of wizardry (left hand)
 M - an amulet of magic regeneration (around neck)
 Q - a cursed ring of stealth (right hand)
Wands
 n - a wand of digging (17)
 v - a wand of disintegration (12)
 C - a wand of acid (15)
 E - a wand of iceblast (44)
Scrolls
 c - a scroll of holy word
 g - 3 scrolls of amnesia
 k - 13 scrolls of teleportation
 o - a scroll of enchant armour
 s - 7 scrolls of remove curse
 x - 3 scrolls of fog
 A - 2 scrolls of enchant weapon
 B - a scroll of vulnerability
 D - 4 scrolls of blinking
 O - a scroll of magic mapping
 W - 2 scrolls of summoning
 X - 2 scrolls of silence
 Z - 2 scrolls of identify
Potions
 f - 2 potions of invisibility
 i - 5 potions of brilliance
 m - 3 potions of heal wounds
 p - 3 potions of berserk rage
 r - 6 potions of agility
 t - 3 potions of might
 u - 13 potions of curing
 I - 3 potions of haste
Books
 b - a book of Frost

   Spells                             Type                      Level
   a - Freeze                         Ice                          1
   b - Throw Frost                    Conjuration/Ice              2
   c - Ozocubu's Armour               Charms/Ice                   3
   d - Throw Icicle                   Conjuration/Ice              4
   e - Summon Ice Beast               Ice/Summoning                4
 w - a book of Power

   Spells                             Type                      Level
   a - Iskenderun's Battlesphere      Conjuration/Charms           5
   b - Venom Bolt                     Conjuration/Poison           5
   c - Bolt of Magma                  Conjuration/Fire/Earth       5
   d - Iron Shot                      Conjuration/Earth            6
   e - Orb of Destruction             Conjuration                  7
   f - Spellforged Servitor           Conjuration/Summoning        7
 y - a book of Enchantments

   Spells                             Type                      Level
   a - Cause Fear                     Hexes                        4
   b - Yara's Violent Unravelling     Hexes/Transmutation          5
   c - Silence                        Hexes/Air                    5
   d - Deflect Missiles               Charms/Air                   6
   e - Discord                        Hexes                        8
 K - a book of Battle

   Spells                             Type                      Level
   a - Infusion                       Charms                       1
   b - Shroud of Golubria             Charms/Translocation         2
   c - Song of Slaying                Charms                       2
   d - Spectral Weapon                Hexes/Charms                 3
   e - Regeneration                   Charms/Necromancy            3
 P - a book of the Dragon

   Spells                             Type                      Level
   a - Flame Tongue                   Conjuration/Fire             1
   b - Cause Fear                     Hexes                        4
   c - Bolt of Fire                   Conjuration/Fire             6
   d - Dragon Form                    Transmutation                7
   e - Dragon's Call                  Summoning                    9
 R - a manual of Short Blades
 Y - a book of Fire

   Spells                             Type                      Level
   a - Ignite Poison                  Fire/Transmutation/Poison    3
   b - Fireball                       Conjuration/Fire             5
   c - Bolt of Fire                   Conjuration/Fire             6
   d - Ring of Flames                 Charms/Fire                  7
   e - Ignition                       Fire                         8
Miscellaneous
 F - a lightning rod (4/4)
 N - a lamp of fire (inert)
 S - a box of beasts
Comestibles
 d - 35 rations


   Skills:
 + Level 14.0 Fighting
 + Level 7.4(11.4) Short Blades
 - Level 5.0(9.0) Dodging
 - Level 7.0(11.0) Stealth
 - Level 0.2 Unarmed Combat
 - Level 15.0 Spellcasting
 + Level 13.5(15.8) Conjurations
 - Level 4.0(6.4) Transmutations
 - Level 7.0(9.7) Ice Magic
 + Level 19.4(21.3) Earth Magic
 - Level 4.8(7.4) Evocations


You had 2 spell levels left.
You knew the following spells:

 Your Spells              Type           Power        Failure   Level  Hunger
a - Sandblast             Erth           ######       1%          1    None
b - Stone Arrow           Conj/Erth      ######       1%          3    None
c - Petrify               Tmut/Erth      #######.     1%          4    None
d - Poisonous Vapours     Pois/Air       ####..       3%          2    None
e - Passwall              Tmut/Erth      #######...   1%          2    None
f - Bolt of Magma         Conj/Fire/Erth #######...   1%          5    ###....
g - Blink                 Tloc           N/A          3%          2    None
h - Conjure Flame         Conj/Fire      #######.     1%          3    None
i - Ozocubu's Armour      Chrm/Ice       ######..     1%          3    None
j - Song of Slaying       Chrm           ####....     3%          2    None
k - Iskenderun's Battles  Conj/Chrm      #######.     2%          5    ###....
l - Iron Shot             Conj/Erth      ########..   1%          6    #####..
m - Orb of Destruction    Conj           ########..   3%          7    ######.


Dungeon Overview and Level Annotations

Branches:
Dungeon (15/15) Temple (0/1) D:5 Lair (6/6) D:11 Swamp (2/4) Lair:2 Snake (4/4) Lair:4 Slime (1/5) Lair:5 Orc (2/2) D:9 Elf (1/3) Orc:2 Vaults (0/5) D:13 D:14 Depths: D:15

Altars:
Ashenzari
Elyvilon
Fedhas
Gozag
Hepliaklqana
Makhleb
Okawaru
Qazlal
Ru
Sif Muna
Uskayaw
Vehumet
Xom
The Shining One

Shops:
D:5 *%?   D:7 :   D:9 [(   Orc:1 [   Orc:2 *([=   Snake:4 *

Annotations:
D:3 magipi's ghost, amateur MiFi
D:13 Rupert
D:15 exclusion: orange crystal statue, Azrael
Swamp:2 exclusion: thorn hunter
Snake:1 1 exclusion
Snake:3 exclusion: sensed monster (detected)


Innate Abilities, Weirdness & Mutations

You are resistant to torment.
Your stone body is resilient. (AC +13)
You are immune to poison.
Your large and strong wings let you fly indefinitely.
You resist negative energy. (rN+)
You are resistant to electric shocks. (rElec)
You can survive without breathing.
You are immune to petrification.
You are immune to rotting.
You are weak. (Str -2)
Your spells are a little harder to cast, but a little more powerful.


Message History

Evoke which item? (* to show all) (? for menu, Esc to quit)
Aim the lamp in which direction?
Press: ? - help, Dir - move target cursor, f/p - deep elf archer
Aim: a deep elf archer, wielding a short sword of distortion, wearing a leather armour, quivering 8 arrows and carrying an uncursed shortbow (lightly wounded, repelling missiles)
The flames dance!
The deep elf archer unwields an uncursed short sword of distortion.
Its appearance distorts for a moment.
The deep elf archer wields an uncursed shortbow.
The deep elf archer shoots an arrow.
The arrow misses you.
The deep elf archer shoots an arrow.
The arrow misses you.
You see here an arrow.
Your surroundings seem slightly different.
The deep elf archer shoots an arrow.
The arrow barely misses you.
The deep elf archer shoots an arrow.
The arrow hits you!
* * * LOW HITPOINT WARNING * * *
You see here an arrow.
As you read the scroll of teleportation, it crumbles to dust.
You feel strangely unstable.
The deep elf archer shoots an arrow.
The arrow hits you!!
You die...

#...............#.....#...§§..,,,
##..............##...##..§§§.$,,,
....###'#####.........##.§§§..,,,
....# #.#####§§§.......######.,,*
....# #.....§§e.§.......# *,,,*
)...###.....'.§..§......# *,,,*
....+....####..§.§.....## *,,,*
...####### ##..§§§...## *,,,*
..## ##.@.§.(## ***** .##
##.(e(## ## ####'# #(# #(#
#{#***###******
####.##....e,{,,,,
#...e...e.e.,,,,,,
#..#####.###******


You could see a deep elf archer and a deep elf knight (invisible).

Vanquished Creatures
  Gastronok (Lair:2)
  9 nagarajas (Snake:4)
  Aizul (Snake:1)
  2 orc warlords
  A stone giant (Orc:2)
  A rakshasa (D:15)
  14 naga warriors
  A ghost crab (Swamp:2)
  10 hydras
  A centaur warrior (D:14)
  3 catoblepae (Lair:6)
  15 anacondas
  4 two-headed ogres
  An alligator (Lair:2)
  14 death yaks
  Urug (D:11)
  An orc high priest (Orc:2)
  6 shock serpents
  4 deep elf knights (Elf:1)
  7 naga sharpshooters
  4 salamander mystics
  Sonja (D:14)
  The ghost of Britaniac the Grappler, a novice DrTm of Okawaru (D:8)
  A skeletal warrior (D:15)
  2 unseen horrors
  3 deep elf archers
  11 naga ritualists
  A phantasmal warrior (D:15)
  2 mana vipers
  A swamp dragon (Swamp:1)
  2 shambling mangroves
  5 orc knights
  4 orc sorcerers (Orc:2)
  17 deep elf magi
  6 manticores
  12 ugly things
  9 salamanders
  9 elephants
  Joseph (D:7)
  3 cyclopes
  Maurice (D:12)
  Psyche (D:8)
  40 black mambas
  21 naga magi
  An eye of devastation (Lair:5)
  14 guardian serpents
  12 spiny frogs
  A gargoyle (D:13)
  3 kobold demonologists (D:13)
  2 rime drakes
  6 komodo dragons
  2 tengu conjurers (D:15)
  3 tyrant leeches
  A polar bear (Lair:5)
  8 hornets
  Prince Ribbit (D:5)
  6 trolls
  19 slime creatures
  Grinder (D:5)
  10 blink frogs
  A bog body (Swamp:2)
  11 hippogriffs
  6 dream sheep
  A meliai zombie (D:13)
  6 spriggans
  An air elemental (Elf:1)
  5 water elementals (D:14)
  49 yaks
  A vampire (D:14)
  5 wyverns
  4 shadows
  4 hogs (D:8)
  A steam dragon (D:9)
  2 wraiths
  10 vampire mosquitoes
  17 humans
  3 basilisks
  7 wargs
  3 hungry ghosts
  Menkaure (D:5)
  Edmund (D:4)
  52 nagas
  12 swamp worms
  15 water moccasins
  6 swamp drakes
  8 porcupines
  2 ice beasts
  2 sky beasts
  4 black bears
  37 orc warriors
  2 hornet zombies
  2 phantoms
  22 ogres
  2 eyes of draining
  9 centaurs
  13 wolves
  13 crocodiles
  5 big kobolds
  23 bullfrogs
  A wyvern skeleton (D:12)
  3 scorpions
  20 killer bees
  19 wights
  8 howler monkeys
  10 electric eels
  7 crimson imps
  6 centaur zombies
  5 jellies
  5 bullfrog skeletons
  5 gnoll shamans (D:12)
  13 orc priests
  16 hounds
  21 orc wizards
  5 centaur skeletons
  6 iguanas
  An iron imp (D:9)
  Ijyb (D:5)
  16 worker ants
  3 hound zombies
  A hound skeleton (D:8)
  4 river rats (Sewer)
  14 adders
  19 gnolls
  3 shadow imps
  2 adder zombies
  An ooze (D:6)
  An adder skeleton (D:5)
  6 worms
  4 dart slugs
  6 leopard geckos
  102 orcs
  8 ball pythons
  5 bats
  8 giant cockroaches
  9 goblins
  12 hobgoblins
  4 jackals
  4 quokkas
  8 frilled lizards
  2 goblin skeletons (D:9)
  A goblin zombie (D:9)
  3 hobgoblin zombies (D:9)
  37 kobolds
  2 kobold zombies (D:9)
  A leopard gecko skeleton (D:4)
  A leopard gecko zombie (D:5)
  An orc skeleton (D:9)
  A quokka skeleton (D:5)
  30 rats
  A butterfly (D:8)
  A fungus (Lair:5)
  2 plants
1188 creatures vanquished.

Vanquished Creatures (collateral kills)
  An orc warrior (Orc:2)
  An orc (Orc:1)
2 creatures vanquished.

Vanquished Creatures (others)
  A deep elf knight (Elf:1)
  A yak (Lair:6)
  A dancing weapon (Orc:2)
  A big kobold (D:13)
  A tengu skeleton (D:15)
  A bullfrog skeleton (D:15)
  25 fungi
  15 plants
  2 withered plants (D:15)
48 creatures vanquished.

Grand Total: 1238 creatures vanquished

Notes
Turn   | Place    | Note
-------+----------+-------------------------------------------
     0 | D:1      | Trubado the Gargoyle Earth Elementalist began the quest for the Orb.
     0 | D:1      | Reached XP level 1. HP: 10/10 MP: 3/3
    12 | D:1      | Noticed a redback
    12 | D:1      | Noticed a black bear
    12 | D:1      | Noticed a wolf
    12 | D:1      | Noticed a salamander
    12 | D:1      | Noticed an iguana
   306 | D:1      | Reached XP level 2. HP: 1/15 MP: 1/5
   608 | D:1      | Reached skill level 4 in Earth Magic
   708 | D:1      | Reached XP level 3. HP: 13/19 MP: 6/6
  1192 | D:2      | Learned a level 3 spell: Stone Arrow
  1274 | D:2      | Found a burning altar of Makhleb.
  1393 | D:2      | Reached XP level 4. HP: 24/24 MP: 2/7
  1462 | D:2      | Found a hazy altar of Hepliaklqana.
  1650 | D:2      | Found a hide-covered altar of Uskayaw.
  1991 | D:2      | Reached skill level 1 in Fighting
  2018 | D:2      | Found a shattered altar of Ashenzari.
  2019 | D:2      | Found an iron altar of Okawaru.
  2023 | D:2      | Became a worshipper of Ashenzari the Shackled
  2030 | D:2      | Found a deep blue altar of Sif Muna.
  2095 | D:2      | Noticed a green death
  2098 | D:2      | Noticed a ynoxinul
  2098 | D:2      | Noticed a hellwing
  2167 | D:3      | Found a glowing drain.
  2283 | Sewer    | Entered a sewer
  2343 | Sewer    | Reached skill level 5 in Earth Magic
  2343 | Sewer    | Reached XP level 5. HP: 29/29 MP: 6/9
  3279 | Sewer    | Noticed a big kobold
  3303 | Sewer    | Killed a big kobold
  3303 | Sewer    | Reached skill level 1 in Short Blades
  3303 | Sewer    | Reached XP level 6. HP: 27/35 MP: 10/10
  4116 | D:3      | Noticed magipi's ghost (amateur MiFi)
  4257 | D:3      | Reached skill level 1 in Conjurations
  4420 | D:3      | Reached XP level 7. HP: 39/40 MP: 5/12
  4660 | D:4      | Noticed Edmund
  4673 | D:4      | Killed Edmund
  4673 | D:4      | Reached skill level 6 in Earth Magic
  4994 | D:4      | Learned a level 4 spell: Petrify
  5036 | D:4      | Found an opulent altar of Gozag.
  5037 | D:4      | Found a white marble altar of Elyvilon.
  5063 | D:4      | Reached skill level 1 in Throwing
  5063 | D:4      | Reached XP level 8. HP: 45/45 MP: 11/14
  5300 | D:4      | Found a sacrificial altar of Ru.
  5844 | D:5      | Entered Level 5 of the Dungeon
  5852 | D:5      | Found Jegeh's Food Emporium.
  5911 | D:5      | Got the long sword of Defiance {speed, rN+}
  5919 | D:5      | Noticed a hippogriff
  5958 | D:5      | Killed a hippogriff
  5958 | D:5      | Reached skill level 7 in Earth Magic
  6004 | D:5      | Found a staircase to the Ecumenical Temple.
  6097 | D:5      | Found Fawuot's General Store.
  6109 | D:5      | Bought a scroll of remove curse for 36 gold pieces
  6147 | D:5      | Learned a level 5 spell: Lee's Rapid Deconstruction
  6189 | D:5      | Noticed Ijyb
  6216 | D:5      | Identified the +5 long sword of Defiance {speed, rN+} (You found it on level 5 of the Dungeon)
  6217 | D:5      | Killed Ijyb
  6299 | D:5      | Reached skill level 5 in Spellcasting
  6379 | D:5      | Reached XP level 9. HP: 51/51 MP: 12/16
  6394 | D:5      | Noticed Grinder
  6799 | D:5      | Found Deiwy's Magic Scroll Shoppe.
  6807 | D:5      | Bought a scroll of remove curse for 36 gold pieces
  6807 | D:5      | Bought a scroll of remove curse for 36 gold pieces
  6814 | D:5      | Noticed Menkaure
  6837 | D:5      | Noticed Prince Ribbit
  6959 | D:6      | Found an opulent altar of Gozag.
  6974 | D:6      | Reached skill level 5 in Stealth
  7227 | D:6      | Reached skill level 8 in Earth Magic
  8110 | D:6      | Reached * piety under Ashenzari
  8338 | D:7      | Learned a level 2 spell: Passwall
  8356 | D:7      | Found Gauc's Book Boutique.
  8533 | D:7      | Reached XP level 10. HP: 36/58 MP: 12/19
  8575 | D:7      | Reached skill level 9 in Earth Magic
  8595 | D:7      | Noticed Joseph
  8923 | D:7      | Killed Joseph
  8923 | D:7      | Reached skill level 5 in Fighting
  9205 | D:7      | Found a blossoming altar of Fedhas.
  9367 | D:7      | Learned a level 4 spell: Throw Icicle
  9371 | D:7      | Found a stormy altar of Qazlal.
  9436 | D:7      | Found a glowing golden altar of the Shining One.
  9439 | D:7      | Found a radiant altar of Vehumet.
 10165 | D:8      | Found a shimmering altar of Xom.
 10300 | D:8      | Reached skill level 5 in Conjurations
 10780 | D:8      | Noticed Psyche
 10953 | D:8      | Killed Psyche
 11020 | D:8      | Reached skill level 10 in Earth Magic
 11181 | D:8      | Reached skill level 1 in Ice Magic
 11228 | D:8      | Reached skill level 5 in Dodging
 11365 | D:8      | Noticed Britaniac's ghost (novice DrTm)
 11379 | D:8      | Killed Britaniac's ghost
 11379 | D:8      | Reached XP level 11. HP: 24/63 MP: 16/22
 11603 | D:5      | Killed Menkaure
 11756 | D:5      | Killed Prince Ribbit
 11876 | D:5      | Killed Grinder
 12293 | D:9      | Found Herewil's Weapon Shoppe.
 12409 | D:9      | Found a glowing golden altar of the Shining One.
 12568 | D:9      | Reached ** piety under Ashenzari
 12568 | D:9      | Found a staircase to the Orcish Mines.
 12569 | D:9      | Found Opreubuh's Armour Shoppe.
 12953 | D:9      | Reached skill level 11 in Earth Magic
 13534 | D:10     | Entered Level 10 of the Dungeon
 13664 | D:10     | Gained mutation: You are weak. (Str -2) [potion of mutation]
 13664 | D:10     | Gained mutation: Your spells are a little harder to cast, but a little more powerful. [potion of mutation]
 13977 | D:10     | Reached skill level 1 in Crossbows
 14206 | D:11     | Noticed a two-headed ogre
 14218 | D:11     | Killed a two-headed ogre
 14234 | D:11     | Noticed Urug
 14501 | D:11     | Killed Urug
 14539 | D:11     | Found an iron altar of Okawaru.
 14552 | D:11     | Got the cursed rapier "Edept" {pain, Fragile rPois Dex+7}
 14860 | D:11     | Noticed a white ugly thing
 14861 | D:11     | Noticed a cyclops
 14932 | D:11     | Reached XP level 12. HP: 44/68 MP: 24/24
 14983 | D:11     | Reached skill level 1 in Transmutations
 15173 | D:11     | Found a staircase to the Lair.
 15502 | D:11     | Reached skill level 12 in Earth Magic
 16068 | D:11     | Learned a level 2 spell: Blink
 16072 | D:11     | Learned a level 3 spell: Conjure Flame
 16076 | D:11     | Learned a level 3 spell: Ozocubu's Armour
 16102 | Lair:1   | Entered Level 1 of the Lair of Beasts
 16907 | Lair:1   | Reached *** piety under Ashenzari
 16941 | Lair:1   | Noticed a five-headed hydra
 17005 | Lair:1   | Killed a five-headed hydra
 17005 | Lair:1   | Reached skill level 5 in Ice Magic
 17543 | Lair:1   | Noticed a five-headed hydra
 17551 | Lair:1   | Killed a five-headed hydra
 17893 | Lair:2   | Reached skill level 5 in Short Blades
 18411 | Lair:2   | Noticed Gastronok
 18863 | Lair:2   | Killed Gastronok
 18863 | Lair:2   | Reached skill level 10 in Spellcasting
 18863 | Lair:2   | Reached skill level 13 in Earth Magic
 18863 | Lair:2   | Reached XP level 13. HP: 72/72 MP: 3/27
 18923 | Lair:2   | Found a staircase to the Swamp.
 20369 | Lair:4   | Reached **** piety under Ashenzari
 20395 | Lair:4   | Found a staircase to the Snake Pit.
 21481 | Lair:4   | Reached skill level 14 in Earth Magic
 21712 | Lair:5   | Found a staircase to the Slime Pits.
 22782 | Lair:6   | Entered Level 6 of the Lair of Beasts
 23332 | Snake:1  | Entered Level 1 of the Snake Pit
 23489 | Snake:1  | Gained mutation: Your large and strong wings let you fly indefinitely. [Gargoyle growth]
 23489 | Snake:1  | Reached XP level 14. HP: 77/80 MP: 19/29
 24532 | Snake:1  | Reached skill level 15 in Earth Magic
 24933 | Snake:1  | Reached skill level 10 in Conjurations
 25000 | Snake:1  | Noticed Aizul
 27732 | Lair:6   | Reached XP level 15. HP: 88/88 MP: 32/32
 29116 | Orc:1    | Entered Level 1 of the Orcish Mines
 29116 | Orc:1    | Noticed an orc warlord
 29139 | D:9      | Killed an orc warlord
 29783 | Orc:1    | Found Puxeb's Armour Emporium.
 29814 | Orc:1    | Bought a +2 pair of boots of stealth for 301 gold pieces
 29972 | Orc:2    | Entered Level 2 of the Orcish Mines
 29987 | Orc:2    | Learned a level 3 spell: Tukima's Dance
 30073 | D:7      | Bought a book of Power for 585 gold pieces
 30079 | D:7      | Learned a level 5 spell: Iskenderun's Battlesphere
 30168 | Orc:2    | Learned a level 6 spell: Iron Shot
 30200 | Orc:2    | Paralysed by an orc sorcerer for 6 turns
 30450 | Orc:2    | Found a staircase to the Elven Halls.
 30483 | Orc:2    | Noticed an orc warlord
 30709 | Orc:1    | Killed an orc warlord
 31047 | Orc:2    | Paralysed by an orc sorcerer for 6 turns
 31096 | Orc:2    | Paralysed by an orc sorcerer for 6 turns
 31663 | Orc:2    | Found Ruuryibb's Antique Weapon Boutique.
 31801 | Orc:2    | Found Coaxt's Antique Armour Boutique.
 31920 | Orc:2    | Found Hima's Jewellery Shop.
 32079 | Orc:2    | Reached ***** piety under Ashenzari
 32080 | Orc:2    | Found Syettoco's General Store.
 32694 | Elf:1    | Entered Level 1 of the Elven Halls
 33586 | D:12     | Learned a level 5 spell: Bolt of Magma
 33870 | D:12     | Noticed Maurice
 33875 | D:12     | Killed Maurice
 34925 | D:13     | Reached XP level 16. HP: 96/96 MP: 34/34
 35410 | D:13     | Noticed Rupert
 35492 | D:13     | Reduced skill Throwing to level 1
 35492 | D:13     | Reached skill level 16 in Earth Magic
 36137 | D:13     | Reduced skill Crossbows to level 1
 36590 | Swamp:1  | Entered Level 1 of the Swamp
 36770 | Orc:2    | Bought the cursed +0 helmet "Ete Buuce" {+Inv Dex+3} for 239 gold pieces
 37251 | Swamp:1  | Learned a level 2 spell: Song of Slaying
 37397 | Swamp:1  | Reached skill level 1 in Evocations
 37872 | Swamp:1  | Reached skill level 15 in Spellcasting
 38407 | Swamp:1  | Reached skill level 10 in Fighting
 38894 | Swamp:2  | Noticed a thorn hunter
 39376 | Slime:1  | Entered Level 1 of the Pits of Slime
 39654 | D:14     | Found a gate to the Vaults.
 39871 | D:14     | Reached skill level 17 in Earth Magic
 39899 | D:14     | Noticed Sonja
 39912 | D:14     | Killed Sonja
 40017 | D:14     | Learned a level 2 spell: Poisonous Vapours
 40330 | D:14     | Found a flickering gateway to a bazaar.
 40332 | Bazaar   | Entered a bazaar
 40332 | Bazaar   | Found Jiskaoco's General Store.
 40332 | Bazaar   | Found Abbuzog's Magic Scroll Emporium.
 40336 | Bazaar   | Found Digeirr's Antique Armour Shoppe.
 40340 | Bazaar   | Bought a scroll of remove curse for 36 gold pieces
 40350 | Bazaar   | Found Jimiufol's Magic Scroll Emporium.
 40370 | Bazaar   | Bought a scroll of blinking for 90 gold pieces
 40370 | Bazaar   | Bought a scroll of blinking for 90 gold pieces
 40370 | Bazaar   | Bought a scroll of remove curse for 36 gold pieces
 40374 | Bazaar   | Bought a scroll of teleportation for 33 gold pieces
 40374 | Bazaar   | Bought a scroll of teleportation for 33 gold pieces
 41362 | D:15     | Entered Level 15 of the Dungeon
 41958 | D:15     | Reached XP level 17. HP: 75/104 MP: 23/36
 42123 | D:15     | Noticed Azrael
 42519 | Snake:1  | Killed Aizul
 42990 | Snake:1  | Got the spear "Baohoam" {pierce, MR++ Int+5}
 43986 | Snake:2  | Reached skill level 18 in Earth Magic
 44823 | Snake:3  | Identified a scroll of acquirement
 45265 | Snake:4  | Entered Level 4 of the Snake Pit
 45854 | Snake:4  | Found Sebureh's Superlative Supplies.
 47089 | Snake:4  | Reached XP level 18. HP: 91/114 MP: 31/37
 47193 | Snake:4  | HP: 5/114 [nagaraja/whip (3)]
 48073 | Snake:4  | Reached skill level 19 in Earth Magic
 48237 | Snake:4  | Learned a level 7 spell: Orb of Destruction
 49162 | Snake:4  | Got a serpentine rune of Zot
 49318 | Snake:4  | Bought a manual of Short Blades for 1656 gold pieces
 49476 | Lair:3   | Got the rapier of Royalism {pierce, +Blink rPois rN+ Dex+3}
 49600 | D:11     | Identified the +9 rapier of Royalism {pierce, +Blink rPois rN+ Dex+3} (You found it on level 3 of the Lair of Beasts)
 49788 | Elf:1    | Identified the cursed +0 rapier "Edept" {pain, Fragile rPois Dex+7} (You found it on level 11 of the Dungeon)
 50062 | Elf:1    | Shot with an arrow by a deep elf archer

Skill      XL: |  1  2  3  4  5  6  7  8  9 10 11 12 13 14 15 16 17 18 |
---------------+-------------------------------------------------------+-----
Earth Magic    | 4 5 6 7 8 10 11 13 14 15 17 18 19 | 19.4
Dodging        | 2 3 4 5 |  5.0
Fighting       | 1 2 3 4 5 6 7 9 11 13 14 | 14.0
Stealth        | 3 4 5 6 7 |  7.0
Spellcasting   | 3 4 5 6 7 8 10 11 13 14 15 | 15.0
Short Blades   | 1 2 3 4 5 7 |  7.4
Conjurations   | 1 2 3 4 5 6 7 9 10 12 13 | 13.5
Throwing       | 1 2 3 4 0 |  0.0
Ice Magic      | 2 4 5 7 |  7.0
Crossbows      | 1 2 3 0 |  0.0
Transmutations | 3 4 |  4.0
Evocations     | 3 4 |  4.8
Unarmed Combat | |  0.2

Action                   |  1- 3 |  4- 6 |  7- 9 | 10-12 | 13-15 | 16-18 || total
-------------------------+-------+-------+-------+-------+-------+-------++-------
Melee: Unarmed           |    19 |       |       |       |       |       ||    19
       Short sword       |    80 |       |       |       |       |       ||    80
       Dagger            |       |   298 |   168 |   349 |   438 |   815 ||  2068
       Dire flail        |       |       |    50 |    55 |       |       ||   105
       Long sword        |       |       |    23 |    44 |   332 |   111 ||   510
       Punch             |       |       |       |     1 |       |     1 ||     2
       Falchion          |       |       |       |       |    33 |    63 ||    96
       Rapier            |       |       |       |       |       |    15 ||    15
 Fire: Hunting sling     |     5 |     3 |    12 |     5 |       |       ||    25
       Blowgun           |       |       |    84 |    41 |       |     4 ||   129
       Hand crossbow     |       |       |       |    55 |    69 |       ||   124
Throw: Javelin           |       |     2 |     2 |    12 |    57 |       ||    73
       Stone             |       |       |     6 |     1 |     4 |     1 ||    12
 Cast: Sandblast         |    10 |    15 |    67 |   145 |   309 |    56 ||   602
       Stone Arrow       |     2 |     1 |    21 |   128 |   260 |    58 ||   470
       Passwall          |       |       |       |    24 |    11 |    61 ||    96
       Throw Icicle      |       |       |       |     9 |    15 |       ||    24
       Petrify           |       |       |       |     5 |    78 |   327 ||   410
       Ozocubu's Armour  |       |       |       |     9 |    51 |    37 ||    97
       Conjure Flame     |       |       |       |     3 |    43 |     4 ||    50
       Blink             |       |       |       |     3 |    18 |     5 ||    26
       Lee's Rapid Decon |       |       |       |       |     4 |       ||     4
       Iron Shot         |       |       |       |       |    21 |    53 ||    74
       Iskenderun's Batt |       |       |       |       |    18 |     3 ||    21
       Bolt of Magma     |       |       |       |       |    12 |     7 ||    19
       Tukima's Dance    |       |       |       |       |     9 |       ||     9
       Song of Slaying   |       |       |       |       |       |     3 ||     3
       Poisonous Vapours |       |       |       |       |       |     3 ||     3
       Orb of Destructio |       |       |       |       |       |     4 ||     4
Invok: Curse Item        |       |       |     1 |     1 |     2 |     4 ||     8
       Transfer Knowledg |       |       |       |       |       |     2 ||     2
       Scrying           |       |       |       |       |       |     1 ||     1
 Abil: Evoke Invisibilit |       |       |       |       |       |     5 ||     5
Evoke: Lamp of fire      |       |       |       |     1 |     1 |     1 ||     3
       Wand              |       |       |       |       |     5 |       ||     5
       Sack of spiders   |       |       |       |       |     2 |       ||     2
  Use: Potion            |       |     6 |     1 |     4 |     4 |     4 ||    19
       Scroll            |       |     1 |     4 |    10 |    13 |    19 ||    47
 Stab: Sleeping          |     2 |     6 |     5 |    22 |    15 |    50 ||   100
       Distracted        |       |     1 |       |     2 |       |       ||     3
       Petrified         |       |       |       |    14 |   107 |   322 ||   443
       Petrifying        |       |       |       |       |    14 |    43 ||    57
       Invisible         |       |       |       |       |     1 |     8 ||     9
  Eat: Chunk             |     2 |    10 |    14 |    29 |    41 |    33 ||   129
       Ration            |       |       |     2 |     1 |     6 |    10 ||    19
Armor: Robe              |    40 |   115 |    86 |   211 |   496 |   539 ||  1487
Dodge: Dodged            |    79 |   230 |   178 |   371 |   680 |   932 ||  2470
       Rpst.: Long sword |       |       |     1 |     5 |    94 |    20 ||   120
       Falchion          |       |       |       |       |     5 |    24 ||    29
